 Dungeon Crawl Stone Soup version 0.23.2-30-g0e89c35649 (webtiles) character file.

Game seed: 5052805278985359274

114367 Artanis the Slayer (level 16, -3/183 HPs)
             Began as a Hill Orc Fighter on June 22, 2019.
             Was a High Priest of Trog.
             Hit by a large rock thrown by Polyphemus (24 damage)
             ... on level 1 of the Shoals on June 23, 2019.
             The game lasted 04:57:46 (40728 turns).

Artanis the Slayer (Hill Orc Fighter)              Turns: 40728, Time: 04:57:46

Health: -3/183     AC: 24    Str: 24    XL:     16   Next: 65%
Magic:  16/16      EV:  8    Int: 12    God:    Trog [*****.]
Gold:   690        SH: 13    Dex: 14    Spells: 15/15 levels left

rFire    . . .     SeeInvis .   u - +6 rapier of Action {pierce, *Rage +Inv +Fly rPois}
rCold    . . .     Gourm    .   c - +2 buckler {reflect}
rNeg     . . .     Faith    .   J - +0 plate armour {MR+}
rPois    +         Spirit   .   q - +2 helmet
rElec    +         Reflect  +   H - scarf {cloud immunity}
rCorr    .         Harm     .   (no gloves)
MR       ++...     Rnd*Rage +   C - +0 pair of boots
Stlth    ..........             V - +6 amulet of reflection
HPRegen  0.40/turn              o - +3 ring of slaying
MPRegen  0.15/turn              a - ring of Arruuwim {rElec rPois Dex+4 Slay+4 Stlth+}

@: no status effects
A: clever 1, robust 1
a: Berserk, Trog's Hand, Brothers in Arms, Renounce Religion, Evoke
Invisibility, Evoke Flight


You were on level 1 of the Shoals.
You worshipped Trog.
Trog was extremely pleased with you.
You were not hungry.

You visited 4 branches of the dungeon, and saw 25 of its levels.

You collected 2655 gold pieces.
You spent 1965 gold pieces at shops.

Inventory:

Hand Weapons
 u - the +6 rapier of Action (weapon) {pierce, *Rage +Inv +Fly rPois}
   (You found it on level 4 of the Dungeon)

   It inflicts extra damage upon your enemies.
   It protects you from poison.
   It lets you turn invisible.
   It lets you fly.
   It may make you go berserk in combat.
 X - a +5 morningstar of freezing
 Y - a +6 blowgun
Missiles
 h - 142 bolts
 Z - 16 curare-tipped needles
Armour
 c - a +2 buckler of reflection (worn)
 i - a +1 chain mail of cold resistance
 q - a +2 helmet (worn)
 C - a +0 pair of boots (worn)
 H - a scarf of cloud immunity (worn)
 J - a +0 plate armour of magic resistance (worn)
 N - a +0 chain mail of fire resistance
Jewellery
 a - the ring of Arruuwim (right hand) {rElec rPois Dex+4 Slay+4 Stlth+}
   (You bought it in a shop on level 10 of the Dungeon)

   [ring of slaying]

   It affects your dexterity (+4).
   It affects your accuracy and damage with ranged weapons and melee attacks
   (+4).
   It insulates you from electricity.
   It protects you from poison.
   It makes you more stealthy.
 g - an uncursed ring of positive energy
 k - an uncursed ring of positive energy
 o - a +3 ring of slaying (left hand)
 s - an uncursed ring of resist corrosion
 v - an uncursed ring of fire
 B - an uncursed ring of see invisible
 I - an uncursed ring of flight
 S - an uncursed ring of protection from magic
 V - a +6 amulet of reflection (around neck)
Wands
 j - a wand of random effects (39)
 n - a wand of clouds (5)
 w - a wand of acid (20)
 x - a wand of disintegration (19)
 y - a wand of iceblast (9)
 D - a wand of paralysis (12)
 P - a wand of flame (15)
Scrolls
 d - 2 scrolls of summoning
 l - 4 scrolls of identify
 r - 10 scrolls of remove curse
 A - 3 scrolls of teleportation
 E - a scroll of fear
 F - 2 scrolls of immolation
 K - 5 scrolls of magic mapping
 Q - 2 scrolls of blinking
 T - 2 scrolls of fog
 W - 3 scrolls of enchant weapon
Potions
 b - 5 potions of curing
 e - 2 potions of magic
 m - 2 potions of brilliance
 p - 5 potions of might
 z - a potion of invisibility
 G - 2 potions of agility
 L - 4 potions of heal wounds
 M - a potion of haste
 O - 3 potions of cancellation
 R - a potion of resistance
 U - 3 potions of lignification
Comestibles
 f - 15 rations


   Skills:
 + Level 21.2 Fighting
 - Level 7.0 Short Blades
   Level 11.0 Axes
 + Level 19.8 Armour
 - Level 4.0 Shields


You had 15 spell levels left.
You didn't know any spells.
Your spell library was empty.

Dungeon Overview and Level Annotations

Branches:
Dungeon (15/15)            Temple (0/1) D:5            Lair (6/6) D:8
 Shoals (2/4) Lair:2       Spider (0/4) Lair:4        Slime (0/5) Lair:6
    Orc (2/2) D:9             Elf (0/3) Orc:2        Vaults (0/5) D:13
 Depths (0/5) D:15

Altars:
Ashenzari
Dithmenos
Elyvilon
Gozag
Hepliaklqana
Makhleb
Nemelex Xobeh
Okawaru
Ru
Trog
Uskayaw
Vehumet
Wu Jian
Xom
The Shining One
Beogh
Jiyva

Shops:
D:8 !   D:10 =   D:13 %   D:14 [   Orc:2 ?}*[   Shoals:1 *

Annotations:
Lair:3 1 transporter, Ykky's ghost, journeyman VSIE
Shoals:1 Polyphemus
Shoals:2 1 runed translucent door


Innate Abilities, Weirdness & Mutations

Your mind is acute. (Int +2)
You are robust. (+10% HP)


Message History

Polyphemus is lightly wounded.
Polyphemus closely misses you. Polyphemus hits you!
* * * LOW HITPOINT WARNING * * *
You hit Polyphemus.
Polyphemus is lightly wounded.
Polyphemus hits you!!
* * * LOW HITPOINT WARNING * * *
You block Polyphemus's attack.
You completely miss Polyphemus.
Polyphemus is lightly wounded.
Polyphemus hits you!
* * * LOW HITPOINT WARNING * * *
Polyphemus hits you but does no damage.
As you read the scroll of fear, it crumbles to dust.
You assume a fearsome visage.
Polyphemus looks frightened!
Okay, then.
Polyphemus looks scared stiff.
Polyphemus seems to regain his courage.
Polyphemus throws a large rock.
The large rock hits you!!
You die...

#.............## #..≈≈≈≈≈≈≈≈≈≈≈≈≈
##....≈........###...≈≈≈≈≈≈≈≈≈≈≈≈
..>.....####........≈≈≈≈≈≈≈≈≈≈≈≈≈
........###........≈≈≈≈≈≈≈≈≈≈≈≈≈≈
..#...........≈...≈≈≈≈≈≈≈≈≈≈≈≈≈≈≈
.....≈≈≈..≈≈.≈≈≈≈≈≈≈≈≈≈≈≈≈≈≈≈≈≈≈≈
##.....≈≈≈≈.....≈≈≈≈≈≈≈≈≈≈≈≈≈≈≈≈≈
#.....≈≈...###..≈≈≈≈≈≈≈≈≈≈≈≈≈≈≈≈
#####..≈≈≈.###.@.≈≈≈≈≈≈≈≈≈≈≈≈≈≈≈
###.≈≈........≈≈≈≈≈≈≈≈≈≈≈≈≈≈
#.≈≈)........≈≈≈≈≈≈≈≈≈≈≈≈≈ ####
###.≈≈≈.........≈≈≈≈≈≈≈≈≈≈≈≈
#..###..≈≈≈≈..>..##..≈≈≈≈≈≈≈≈≈≈≈≈
.......≈≈≈.≈≈..≈##....≈≈≈≈≈≈≈≈≈≈≈
.......≈.C#....≈.....≈≈≈≈≈≈≈≈≈≈≈≈
.........##........≈.≈≈≈≈≈≈≈≈≈≈≈≈
..........#........≈.≈≈≈≈≈≈≈≈≈≈≈≈


You could see Polyphemus.

Vanquished Creatures
  Jorgrun (Shoals:1)
  An orc warlord (Orc:1)
  Louise (Shoals:1)
  A very ugly thing (Shoals:1)
  A merfolk javelineer (Shoals:2)
  A merfolk impaler (Shoals:2)
  5 vault guards (D:13)
  8 hydras
  A rakshasa (D:15)
  2 catoblepae
  3 centaur warriors
  A death knight (D:15)
  2 two-headed ogres
  3 death yaks (Shoals:2)
  2 orc high priests (Orc:2)
  A tengu warrior (D:14)
  Nergalle (D:12)
  A fire crab (Lair:6)
  3 sea snakes (Shoals:2)
  A sea snake (shapeshifter) (D:15)
  5 skeletal warriors
  3 unseen horrors (D:15)
  A glowing orange brain (D:15)
  An orc knight (D:15)
  2 phantasmal warriors (D:11)
  26 ugly things
  An orb spider (Lair:4)
  4 cyclopes
  A wolf spider zombie (D:15)
  4 orc sorcerers (Orc:2)
  A deep elf mage (D:14)
  8 manticores
  6 elephants
  2 water nymphs
  Maurice (D:12)
  4 black mambas
  A merfolk siren (Shoals:2)
  A centaur zombie (D:13)
  4 gargoyles
  Joseph (D:7)
  4 rime drakes
  26 spiny frogs
  A tengu conjurer (D:13)
  6 komodo dragons
  A yaktaur (shapeshifter) (D:15)
  A troll (D:12)
  7 merfolk
  4 meliai
  A queen bee (Lair:3)
  2 hornets
  4 tyrant leeches (Lair:6)
  3 polar bears (Lair:4)
  14 slime creatures
  Grinder (D:4)
  5 hippogriffs
  24 blink frogs
  4 snapping turtles
  A redback (shapeshifter) (D:11)
  A spriggan (shapeshifter) (D:15)
  5 wraiths
  2 water elementals
  48 yaks
  2 vampires
  2 basilisks
  4 wyverns
  14 vampire mosquitoes
  2 hungry ghosts
  2 wargs
  2 acid dragons (D:13)
  A soldier ant (D:15)
  8 porcupines
  8 water moccasins
  4 sky beasts
  3 ice beasts
  A hornet zombie (D:15)
  3 black bears
  22 orc warriors
  3 eyes of draining
  2 necrophages
  8 ogres
  2 phantoms
  7 centaurs
  11 wolves
  15 crocodiles
  3 big kobolds
  37 bullfrogs
  A gnoll sergeant (Orc:1)
  A wyvern skeleton (D:12)
  3 scorpions
  7 killer bees
  6 wights (D:11)
  4 electric eels
  2 howler monkeys
  A bullfrog zombie (D:11)
  9 crimson imps
  3 hounds
  Crazy Yiuf (D:6)
  2 jellies
  38 orc wizards
  3 centaur skeletons
  21 orc priests
  6 iguanas
  Terence (D:3)
  5 worker ants
  2 killer bee zombies
  2 hound skeletons
  A worker ant zombie (D:9)
  Robin (D:2)
  8 adders
  15 gnolls
  4 shadow imps
  2 oozes
  An adder zombie (D:6)
  2 adder skeletons
  2 worms
  4 dart slugs
  4 leopard geckos
  107 orcs
  14 giant cockroaches
  23 goblins
  15 hobgoblins
  14 jackals
  3 quokkas
  A ball python (D:1)
  8 bats
  3 frilled lizards
  25 kobolds
  12 rats
835 creatures vanquished.

Vanquished Creatures (collateral kills)
  2 vault guards (D:13)
  A tengu warrior (D:13)
  A wolf spider (D:13)
  An orc knight (Orc:2)
  A manticore (Shoals:1)
  A cyclops (Orc:2)
  An elephant (Lair:6)
  A centaur skeleton (D:13)
  A freezing wraith (D:13)
  4 blink frogs
  A yak (Lair:6)
  A water elemental (Shoals:1)
  A hungry ghost (D:13)
  3 orc warriors (Orc:2)
  3 wolves (Lair:6)
  5 orc wizards (Orc:2)
  7 orc priests
  7 orcs
42 creatures vanquished.

Vanquished Creatures (others)
  Sonja (D:11)
  A cyclops (D:12)
  A centaur (D:13)
  An orc wizard (D:15)
  A worker ant (D:14)
  3 orcs (Orc:2)
  A kobold (D:13)
  A bush (Lair:6)
  16 fungi
  60 plants
86 creatures vanquished.

Grand Total: 963 creatures vanquished

Notes
Turn   | Place    | Note
-------+----------+-------------------------------------------
     0 | D:1      | Artanis the Hill Orc Fighter began the quest for the Orb.
     0 | D:1      | Reached XP level 1. HP: 19/19 MP: 1/1
   174 | D:1      | Reached XP level 2. HP: 24/27 MP: 2/2
   272 | D:1      | Reached skill level 4 in Fighting
   489 | D:1      | Reached XP level 3. HP: 21/33 MP: 3/3
   967 | D:2      | Noticed Robin
   975 | D:2      | Killed Robin
   977 | D:2      | Reached XP level 4. HP: 30/41 MP: 4/4
  1674 | D:2      | Found a sparkling altar of Nemelex Xobeh.
  1675 | D:2      | Found an opulent altar of Gozag.
  1758 | D:2      | Reached XP level 5. HP: 43/47 MP: 5/5
  1767 | D:2      | Reached skill level 5 in Fighting
  2196 | D:3      | Reached XP level 6. HP: 56/56 MP: 6/6
  2278 | D:3      | Reached skill level 5 in Axes
  2278 | D:3      | Reached skill level 5 in Armour
  2305 | D:3      | Noticed Terence
  2317 | D:3      | Killed Terence
  2892 | D:4      | Noticed Grinder
  2921 | D:4      | Paralysed by Grinder for 2 turns
  2936 | D:4      | Killed Grinder
  2936 | D:4      | Reached skill level 6 in Fighting
  2936 | D:4      | Reached XP level 7. HP: 43/63 MP: 7/7
  3055 | D:4      | Got a scorched rapier
  3056 | D:4      | Identified the +6 rapier of Action {pierce, *Rage +Inv +Fly
                  | rPois} (You found it on level 4 of the Dungeon)
  3493 | D:4      | Reached skill level 7 in Fighting
  3651 | D:4      | Found a bloodstained altar of Trog.
  3654 | D:4      | Became a worshipper of Trog the Wrathful
  3810 | D:4      | Got a translucent ring mail
  3821 | D:4      | Identified the +5 ring mail of Kuavunaa {Str+3} (You found
                  | it on level 4 of the Dungeon)
  4106 | D:5      | Entered Level 5 of the Dungeon
  4163 | D:5      | Found a radiant altar of Vehumet.
  4163 | D:5      | Found a burning altar of Makhleb.
  4277 | D:5      | Found a staircase to the Ecumenical Temple.
  4672 | D:5      | Found an ornate altar of the Wu Jian Council.
  4819 | D:5      | Reached XP level 8. HP: 73/73 MP: 8/8
  5163 | D:6      | Reached skill level 8 in Fighting
  5240 | D:6      | Reached * piety under Trog
  5442 | D:6      | Found a shadowy altar of Dithmenos.
  5686 | D:6      | Reached ** piety under Trog
  5907 | D:6      | Reached skill level 9 in Fighting
  5958 | D:6      | Found a runed translucent door.
  5959 | D:6      | Noticed Crazy Yiuf
  5968 | D:6      | Killed Crazy Yiuf
  6372 | D:7      | Reached XP level 9. HP: 84/84 MP: 0/9
  6399 | D:6      | Reached *** piety under Trog
  6582 | D:7      | Reached skill level 10 in Fighting
  6698 | D:7      | Noticed Joseph
  6724 | D:7      | Killed Joseph
  7047 | D:7      | Found a white marble altar of Elyvilon.
  7199 | D:7      | Found a white marble altar of Elyvilon.
  7300 | D:7      | Found an iron altar of Okawaru.
  7389 | D:7      | Found a hide-covered altar of Uskayaw.
  7439 | D:8      | Reached skill level 10 in Armour
  7625 | D:8      | Reached skill level 11 in Fighting
  7683 | D:8      | Found a staircase to the Lair.
  7918 | D:8      | Reached XP level 10. HP: 96/96 MP: 10/10
  8357 | D:8      | Found Sigyid's Distillery.
  8370 | D:8      | Found a bloodstained altar of Trog.
  8573 | D:8      | Found a glowing golden altar of the Shining One.
  8825 | D:8      | Reached skill level 12 in Fighting
  9710 | Lair:1   | Entered Level 1 of the Lair of Beasts
 10073 | Lair:1   | Noticed a black mamba
 10086 | Lair:1   | Killed a black mamba
 10086 | Lair:1   | Reached **** piety under Trog
 10086 | Lair:1   | Reached skill level 1 in Short Blades
 10288 | Lair:1   | Noticed a spiny frog
 10303 | Lair:1   | Killed a spiny frog
 10651 | D:9      | Reached skill level 13 in Fighting
 10728 | D:9      | Found a sacrificial altar of Ru.
 10779 | D:9      | Reached XP level 11. HP: 107/107 MP: 11/11
 10811 | D:9      | Found a hazy altar of Hepliaklqana.
 11485 | D:9      | Reached ***** piety under Trog
 11612 | D:9      | Found a staircase to the Orcish Mines.
 11944 | D:10     | Entered Level 10 of the Dungeon
 11951 | D:10     | Found a shattered altar of Ashenzari.
 12605 | D:10     | Found Nepsom's Jewellery Emporium.
 12619 | D:10     | Found a shimmering altar of Xom.
 13247 | D:11     | Noticed a red ugly thing
 13265 | D:11     | Killed a red ugly thing
 13699 | D:11     | Noticed Sonja
 14115 | D:11     | Noticed a six-headed hydra
 14210 | D:10     | Found Nepsom's Jewellery Emporium.
 14210 | D:10     | Found a shimmering altar of Xom.
 14216 | D:10     | Bought a +6 amulet of reflection for 643 gold pieces
 14605 | D:11     | Reached skill level 5 in Short Blades
 14807 | D:11     | Found a large runed translucent door.
 14808 | D:11     | Found a large runed translucent door.
 14857 | D:11     | Found a sacrificial altar of Ru.
 14857 | D:11     | Noticed a phantasmal warrior
 14866 | D:11     | Killed a phantasmal warrior
 14866 | D:11     | Reached skill level 14 in Fighting
 14971 | D:11     | Found a white marble altar of Elyvilon.
 14971 | D:11     | Noticed a phantasmal warrior
 14984 | D:11     | Killed a phantasmal warrior
 15194 | D:11     | Killed a six-headed hydra
 15375 | D:11     | Killed Sonja
 15684 | Orc:1    | Entered Level 1 of the Orcish Mines
 15838 | Orc:2    | Entered Level 2 of the Orcish Mines
 16044 | Orc:2    | Noticed an orc high priest
 16065 | Orc:2    | Noticed a sixfirhy
 16070 | Orc:2    | Killed an orc high priest
 16070 | Orc:2    | Reached XP level 12. HP: 118/118 MP: 12/12
 16215 | Orc:2    | Noticed a two-headed ogre
 16238 | Orc:2    | Killed a two-headed ogre
 16303 | Orc:2    | Noticed an orc warlord
 16339 | Orc:1    | HP: 6/177 [orc warlord/+1 battleaxe of chopping (10)]
 16341 | Orc:1    | Killed an orc warlord
 17958 | Orc:2    | Reached skill level 15 in Fighting
 18182 | Orc:2    | Noticed an orc high priest
 18209 | Orc:2    | Killed an orc high priest
 18308 | Orc:2    | Found a roughly hewn altar of Beogh.
 19601 | Orc:2    | Found a staircase to the Elven Halls.
 19694 | Orc:2    | Found Qaphuas's Magic Scroll Boutique.
 19694 | Orc:2    | Found Hiefoil's General Store.
 19695 | Orc:2    | Found Tuede's Antique Armour Shop.
 19701 | Orc:2    | Found Illupp's Gadget Boutique.
 20230 | Lair:1   | Noticed a six-headed hydra
 20298 | Lair:1   | Killed a six-headed hydra
 20298 | Lair:1   | Reached skill level 10 in Axes
 20298 | Lair:1   | Reached XP level 13. HP: 108/127 MP: 13/13
 21012 | D:10     | Bought the ring of Arruuwim {rElec rPois Dex+4 Slay+4
                  | Stlth+} for 1157 gold pieces
 21586 | D:12     | Noticed Maurice
 21593 | D:12     | Killed Maurice
 22286 | D:12     | Noticed Nergalle
 22300 | D:12     | Killed Nergalle
 22535 | D:12     | Reached skill level 16 in Fighting
 22709 | D:13     | Reached skill level 15 in Armour
 23028 | D:13     | Found Legec's Food Boutique.
 23033 | D:13     | Noticed a vault guard
 23033 | D:13     | Noticed a vault guard
 23034 | D:13     | Found a gate to the Vaults.
 23034 | D:13     | Noticed a vault guard
 23034 | D:13     | Noticed a vault guard
 23034 | D:13     | Noticed a vault guard
 23034 | D:13     | Noticed a vault guard
 23055 | D:13     | Killed a vault guard
 23059 | D:13     | Killed a vault guard
 23067 | D:13     | Killed a vault guard
 23074 | D:13     | Killed a vault guard
 23080 | D:13     | Killed a vault guard
 23147 | D:13     | Noticed a vault guard
 23321 | D:13     | Killed a vault guard
 24135 | D:13     | Received a gift from Trog
 24225 | D:13     | Reached skill level 17 in Fighting
 24314 | D:13     | Reached XP level 14. HP: 100/140 MP: 14/14
 24742 | D:13     | Bought a ration for 55 gold pieces
 24742 | D:13     | Bought a ration for 55 gold pieces
 24742 | D:13     | Bought a ration for 55 gold pieces
 25422 | Lair:2   | Found a staircase to the Shoals.
 27335 | Lair:3   | Noticed Ykky's ghost (journeyman VSIE)
 27383 | Lair:3   | Found a transporter.
 27383 | Lair:3   | Found a transporter.
 27844 | Lair:3   | HP: 7/141 [poisoned by Ykky's ghost]
 27849 | Lair:3   | HP: 7/141 [poisoned by Ykky's ghost]
 27856 | Lair:3   | HP: 7/141 [poisoned by Ykky's ghost]
 28584 | Lair:4   | Reached skill level 18 in Fighting
 29154 | Lair:4   | Found a hole to the Spider Nest.
 29422 | Lair:5   | Received a gift from Trog
 30346 | Lair:6   | Entered Level 6 of the Lair of Beasts
 31181 | Lair:6   | Reached XP level 15. HP: 125/150 MP: 15/15
 31311 | Lair:6   | Reached skill level 19 in Fighting
 32779 | Lair:6   | Found a viscous altar of Jiyva.
 32779 | Lair:6   | Found a staircase to the Slime Pits.
 32953 | Lair:6   | Identified Sif Muna's Reference Book on Dusty Poisoning
 34590 | D:14     | Found Nasosouw's Antique Armour Shoppe.
 34763 | D:15     | Entered Level 15 of the Dungeon
 35109 | D:15     | Received a gift from Trog
 35399 | D:15     | Reached skill level 20 in Fighting
 35770 | D:15     | Found a radiant altar of Vehumet.
 36191 | D:15     | Reached XP level 16. HP: 154/163 MP: 16/16
 37519 | D:15     | Found a staircase to the Depths.
 37971 | Shoals:1 | Entered Level 1 of the Shoals
 38593 | Shoals:1 | Found Gopipt's Mass Market.
 39055 | Shoals:1 | Noticed Louise
 39057 | Shoals:1 | Noticed Jorgrun
 39073 | Shoals:1 | Killed Jorgrun
 39107 | Shoals:1 | Killed Louise
 39277 | Shoals:1 | Gained mutation: You tend to lose your temper in combat.
                  | [potion of mutation]
 39277 | Shoals:1 | Gained mutation: Your mind is acute. (Int +2) [potion of
                  | mutation]
 39277 | Shoals:1 | Gained mutation: You are robust. (+10% HP) [potion of
                  | mutation]
 39277 | Shoals:1 | Lost mutation: You tend to lose your temper in combat.
                  | [potion of mutation]
 39693 | Shoals:2 | Found a runed translucent door.
 39808 | Shoals:2 | Reached skill level 21 in Fighting
 39908 | Shoals:2 | Noticed Polyphemus
 40728 | Shoals:1 | Hit by a large rock thrown by Polyphemus

Skill      XL: |  1  2  3  4  5  6  7  8  9 10 11 12 13 14 15 16 |
---------------+-------------------------------------------------+-----
Axes           | 3 4 6 10 11 | 11.0
Fighting       | 4 5 6 7 9 11 13 14 15 17 18 20 21 | 21.2
Armour         | 4 5 6 8 10 12 13 14 15 17 18 19 | 19.8
Short Blades   | 2 6 7 |  7.0
Shields        | 4 |  4.0

Action                   |  1- 3 |  4- 6 |  7- 9 | 10-12 | 13-15 | 16-18 || total
-------------------------+-------+-------+-------+-------+-------+-------++-------
Melee: War axe           |   105 |   222 |       |       |       |       ||   327
       Rapier            |       |       |   340 |   803 |  1284 |   392 ||  2819
       Morningstar       |       |       |       |    10 |    48 |       ||    58
       Battleaxe         |       |       |       |    28 |       |       ||    28
 Fire: Hunting sling     |       |       |     3 |    21 |     8 |       ||    32
       Blowgun           |       |       |       |     5 |     2 |       ||     7
Invok: Brothers in Arms  |       |       |       |     6 |     8 |     3 ||    17
       Berserk           |       |       |       |     1 |       |       ||     1
Evoke: Wand              |       |       |       |     6 |     1 |     1 ||     8
  Use: Potion            |     1 |     3 |       |       |       |     1 ||     5
       Scroll            |       |     6 |     5 |     4 |    13 |     9 ||    37
 Stab: Sleeping          |       |       |       |       |     2 |       ||     2
  Eat: Chunk             |       |     2 |       |     4 |    22 |     2 ||    30
       Ration            |       |     2 |     6 |    15 |    10 |     4 ||    37
Armor: Chain mail        |    45 |       |       |       |       |       ||    45
       Ring mail         |    24 |   126 |   116 |   293 |    76 |       ||   635
       Plate armour      |       |       |       |       |   658 |   163 ||   821
Dodge: Dodged            |    42 |    74 |    87 |   211 |   311 |    74 ||   799
Block: Shield            |    71 |   122 |   153 |   488 |   511 |       ||  1345
       Reflection        |       |       |       |    20 |    31 |    13 ||    64
       Other             |       |       |       |    11 |       |       ||    11
       Buckler           |       |       |       |       |   401 |   172 ||   573
